Map: 포트 알렉산더 - 래더

Players

Scarlett

  • Race: Zerg Zerg
  • League: Diamond

Maru - Winner!

  • Race: Terran Terran

Event: WESG 2018 Grand Finals

VOD

Have the link to the VOD?

Description

Time

  • Played on: March 17, 2019, 2:51 a.m.
  • Length: 13:18

All games in this series

Show
View Real Time Build Order
Export as new Build Order

Scarlett Zerg 

Build Orders: Hatch First 

Get SALT Encoding   

  12  0:00  Drone  
  13  0:12  Overlord  
  13  0:17  Drone  
  14  0:31  Drone x2  
  16  0:48  Hatchery  
  15  1:04  Spawning Pool  
  14  1:12  Drone  
  14  1:18  Drone  
  16  1:21  Drone  
  17  1:35  Drone  
  18  1:53  Zergling x4  
  22  2:00  Queen  
  22  2:02  Zergling x4  
  22  2:07  Overlord  
  24  2:13  Queen  
  26  2:19  Drone  
  26  2:33  Drone x2  
  28  2:38  Drone  
  28  2:39  Queen, Drone x2  
  33  2:56  Drone  
  35  2:58  Drone  
  35  3:01  Drone  
  35  3:03  Overlord  
  36  3:09  Overlord  
  35  3:15  Extractor  
  35  3:16  Extractor  
  32  3:21  Drone x3  
  35  3:28  Drone  
  35  3:30  Queen  
  38  3:34  Hatchery  
  38  3:38  Drone x2  
  39  3:48  Drone x2  
  39  3:49  Drone x2  
  39  3:50  Queen  
  47  3:55  Drone x2  
  47  3:58  Overlord  
  47  4:06  Roach Warren  
  47  4:07  Drone  
  46  4:23  Lair, Drone x2  
  46  4:24  Drone x3  
  51  4:26  Extractor  
  51  4:27  Drone  
  51  4:28  Drone  
  52  4:33  Evolution Chamber  
  52  4:34  Drone x2  
  53  4:43  Drone x2  
  53  4:44  Drone x2  
  53  4:45  Extractor  
  56  4:46  Roach  
  56  4:48  Roach  
  60  4:53  Roach x2  
  60  4:55  Overlord  
  64  5:02  Zerg Ground Armor Level 1  
  59  5:14  Drone x6  
  65  5:24  Glial Reconstitution  
  65  5:25  Roach  
  65  5:26  Roach  
  65  5:27  Drone  
  70  5:32  Drone x3  
  73  5:37  Spore Crawler  
  73  5:39  Overlord  
  72  5:52  Roach  
  74  6:00  Drone  
  74  6:01  Drone x3  
  74  6:02  Drone x4  
  82  6:06  Spawning Pool  
  82  6:07  Overlord x2  
  82  6:10  Overseer  
  81  6:17  Overlord x3  
  81  6:29  Overlord  
  81  6:31  Drone x2  
  83  6:35  Roach x6  
  83  6:38  Roach  
  97  6:41  Roach  
  97  6:42  Roach x2  
  97  6:43  Roach  
  105  6:49  Nydus Network  
  105  6:57  Roach x8  
  105  6:59  Zerg Missile Weapons Level 1  
  121  7:04  Overlord x2  
  121  7:10  Queen  
  121  7:12  Overlord  
  121  7:13  Overlord  
  123  7:19  Roach x3  
  129  7:24  Roach x4  
  129  7:29  Nydus Canal  
  137  7:31  Overlord, Roach x2  
  141  7:41  Drone x7  
  141  7:43  Extractor  
  146  7:44  Extractor  
  140  7:51  Drone x7  
  140  7:53  Drone  
  146  8:00  Evolution Chamber  
  145  8:08  Drone x3  
  145  8:11  Drone  
  149  8:13  Baneling Nest  
  149  8:16  Drone  
  149  8:17  Drone  
  150  8:27  Hatchery  
  150  8:32  Ravager  
  150  8:33  Ravager x2  
  152  8:34  Ravager  
  152  8:35  Drone  
  152  8:38  Overlord x2  
  152  8:39  Overlord  
  154  8:42  Ravager x9  
  163  8:56  Drone x2  
  165  9:07  Hatchery  
  165  9:08  Hatchery  
  165  9:09  Drone x2  
  166  9:10  Drone x5  
  166  9:12  Centrifical Hooks  
  166  9:13  Infestation Pit  
  169  9:24  Overlord  
  169  9:29  Zergling x12  
  169  9:30  Zergling x12  
  181  9:44  Zergling x2  
  181  9:45  Zergling x12  
  188  9:51  Spawning Pool  
  181  10:01  Evolution Chamber  
  181  10:02  Evolution Chamber  
  178  10:11  Hatchery  
  178  10:12  Drone x3  
  180  10:15  Drone x7  
  187  10:22  Hive  
  187  10:28  Zerg Melee Weapons Level 1  
  187  10:30  Baneling  
  187  10:31  Baneling x17  
  187  10:35  Ravager x6  
  193  10:37  Baneling  
  193  10:38  Baneling x3  
  119  11:16  Roach x4, Zergling x26  
  119  11:26  Zergling x4  
  119  11:27  Queen  
  121  11:35  Metabolic Boost, Zergling x12  
  121  11:39  Ravager x4, Ultralisk Cavern  
  127  11:40  Baneling x7  
  127  11:46  Zergling x8  
  125  11:49  Queen x2, Zergling x4  
  129  11:54  Viper  
  129  11:55  Zergling x2  
  129  11:56  Zergling x4  
  129  11:58  Extractor  
  129  11:59  Extractor  
  129  12:00  Drone x2  
  135  12:05  Evolution Chamber  
  134  12:08  Zergling x4  
  134  12:09  Zergling x6  
  134  12:14  Baneling x5  
  138  12:31  Ultralisk  
  138  12:32  Hatchery  
  143  12:38  Zergling x2, Spore Crawler  
  143  12:39  Zergling x18  
  152  12:44  Zergling x4  
  152  12:46  Baneling x3  
  152  12:55  Zergling x4  
  142  13:00  Zergling x8  
Show
View Real Time Build Order
Export as new Build Order

Maru Terran - Winner!

Build Orders: Reaper Expand 

Get SALT Encoding   

  12  0:00  SCV  
  13  0:12  SCV  
  14  0:18  Supply Depot  
  14  0:24  SCV  
  15  0:40  Barracks  
  15  0:51  Barracks  
  15  0:54  SCV  
  16  1:01  Refinery  
  16  1:06  SCV  
  17  1:18  SCV  
  18  1:29  Marine  
  18  1:31  Orbital Command  
  18  1:47  Reaper  
  19  1:56  SCV  
  19  2:00  Command Center  
  20  2:08  SCV  
  20  2:13  Supply Depot  
  21  2:20  SCV  
  22  2:24  Factory  
  22  2:33  SCV  
  23  2:41  Refinery  
  23  2:45  SCV  
  24  2:57  SCV  
  24  3:09  SCV  
  24  3:12  Factory Reactor  
  25  3:15  Starport  
  25  3:21  SCV  
  25  3:22  Barracks Tech Lab  
  26  3:33  SCV  
  27  3:37  Orbital Command  
  26  3:45  SCV  
  27  3:49  Hellion x2  
  27  3:51  Armory  
  33  3:56  Medivac  
  33  3:57  SCV  
  34  4:09  SCV x2  
  36  4:10  Hellion x2  
  36  4:12  Liberator  
  39  4:21  SCV x2  
  39  4:23  Supply Depot  
  43  4:33  SCV  
  43  4:34  SCV  
  45  4:44  Hellion x2  
  45  4:45  SCV  
  50  4:47  Supply Depot  
  50  4:50  SCV  
  51  4:57  SCV  
  52  5:02  SCV  
  53  5:09  Hellion x2, SCV  
  57  5:14  SCV  
  57  5:21  SCV, Command Center  
  57  5:22  Barracks Tech Lab  
  57  5:24  Supply Depot  
  57  5:26  SCV  
  59  5:33  SCV  
  60  5:38  SCV  
  60  5:40  Marine  
  60  5:41  Stimpack  
  62  5:46  SCV, Siege Tank  
  66  5:50  SCV, Supply Depot  
  66  5:56  Starport Reactor  
  67  5:58  Marine, SCV  
  67  5:59  Barracks x2  
  67  6:02  SCV  
  70  6:06  Supply Depot  
  70  6:10  SCV  
  69  6:16  Refinery  
  69  6:18  Siege Tank  
  72  6:19  Bunker, Engineering Bay  
  72  6:20  Engineering Bay  
  73  6:26  Marauder  
  73  6:28  SCV  
  73  6:29  Supply Depot  
  75  6:33  SCV  
  75  6:34  Orbital Command  
  76  6:40  SCV  
  76  6:42  Hellion x5  
  76  6:45  SCV  
  76  6:46  Hellion  
  78  6:49  Terran Infantry Weapons Level 1, Terran Infantry Armor Level 1  
  78  6:50  Starport Reactor  
  78  6:53  Siege Tank  
  81  6:54  SCV  
  81  6:57  Refinery  
  81  6:59  Marine x4  
  81  7:01  Marauder  
  88  7:09  Supply Depot  
  88  7:18  Marine x4  
  88  7:21  Barracks, Marine  
  88  7:22  Supply Depot  
  93  7:23  Barracks  
  93  7:27  Medivac  
  93  7:28  Medivac  
  97  7:35  Marine, SCV  
  99  7:40  Marauder, SCV  
  99  7:41  Marine  
  99  7:42  Marine  
  104  7:47  SCV  
  101  7:55  SCV  
  101  7:57  Medivac  
  100  8:00  Marine x4  
  100  8:01  Marauder  
  104  8:07  SCV  
  104  8:10  Orbital Command  
  104  8:11  Supply Depot x2  
  105  8:16  Barracks Tech Lab x2  
  105  8:17  Combat Shield  
  105  8:18  Marine, Siege Tank  
  105  8:19  Marine x2  
  111  8:22  SCV x2, Supply Depot  
  111  8:23  Marauder  
  112  8:33  Medivac x2  
  116  8:36  Marauder, Marine  
  116  8:38  Supply Depot  
  119  8:42  Supply Depot  
  119  8:43  Marine  
  119  8:44  Marauder x2  
  124  8:49  SCV x2  
  124  8:50  SCV  
  124  8:55  Terran Infantry Weapons Level 2, Siege Tank  
  129  8:59  Marine  
  129  9:00  Marauder  
  129  9:01  SCV  
  129  9:02  SCV  
  134  9:07  Medivac, Supply Depot  
  134  9:08  Supply Depot  
  135  9:11  Refinery, SCV  
  135  9:12  Refinery  
  136  9:17  Marauder, Marine  
  136  9:18  Marauder, Marine  
  136  9:19  Marine  
  143  9:28  Siege Tank  
  146  9:32  Marauder, Marine  
  146  9:35  SCV  
  146  9:36  Concussive Shells  
  150  9:39  Marauder  
  150  9:44  Marauder, Marine  
  155  9:51  Terran Infantry Armor Level 2  
  155  9:52  Marine x2  
  155  9:54  Marauder  
  159  10:00  Marauder  
  159  10:04  Marine x2  
  159  10:06  Marauder  
  160  10:07  Medivac, Supply Depot, Siege Tank  
  160  10:08  Supply Depot  
  165  10:15  Marauder  
  165  10:17  Supply Depot  
  167  10:22  Marauder, Marine x3  
  172  10:29  Marauder  
  172  10:30  Factory  
  174  10:42  Terran Vehicle Weapons Level 1, Marine, Command Center  
  175  10:43  Marauder  
  175  10:48  Marauder, Marine  
  136  10:58  Siege Tank  
  136  10:59  Marine  
  136  11:00  Marauder  
  136  11:03  Marine x2  
  121  11:04  Marauder  
  121  11:07  Marine  
  121  11:10  Medivac, Marauder  
  120  11:17  Marine  
  119  11:20  Marine  
  119  11:21  Marauder, Marine  
  124  11:25  Marauder  
  124  11:28  Marine  
  124  11:31  Marauder  
  127  11:35  Marine  
  127  11:38  Factory Tech Lab, Marine  
  127  11:39  Siege Tank  
  132  11:43  Medivac  
  129  11:48  Marine x2  
  129  11:49  Marauder x2  
  131  11:58  Siege Tank  
  131  12:00  Marauder, Marine x2  
  136  12:06  Marine x2, SCV x3  
  141  12:10  Marauder x2  
  141  12:11  Siege Tank  
  148  12:20  Marine  
  148  12:21  Marine  
  148  12:22  Marauder  
  152  12:23  SCV x2  
  152  12:24  Marine  
  155  12:30  Siege Tank  
  155  12:31  Marauder  
  155  12:32  Marauder  
  162  12:39  Planetary Fortress  
  162  12:41  Marine x3  
  162  12:43  Marauder, Siege Tank  
  170  12:47  Marine  
  171  12:53  Marauder  
  172  12:58  Marine  
  172  12:59  Marine  
Tags
 
Add a new tag
Caveats
  • Supply blocks, unpowered buildings, or Contaminate may cause inaccurate times.
  • Supply counts are checked every 10 seconds.